 Dungeon Sprint DCSS version 0.30.1-11-g7821555f0a (webtiles) character file.

Game seed: 13993287582741931653

19667 Groucho the Naga Aeon (level 12, -17/109 HPs)
             Began as a Naga Wanderer on Nov 22, 2023.
             Was the Champion of Cheibriados.
             Killed from afar by Xumaluda the pandemonium lord (25 damage)
             ... with an arc of chain lightning
             ... in the Dungeon (Sprint V: "Ziggurat Sprint").
             The game lasted 00:09:02 (2532 turns).

Groucho the Naga Aeon (Naga Wanderer)               Turns: 2532, Time: 00:09:03

Health: -17/109    AC: 32    Str: 28 (29) XL:     12   Next: 71%
Magic:  26/26      EV:  9    Int: 33      God:    Cheibriados [******]
Gold:   0          SH: 39    Dex: 35 (38) Spells: 31/31 levels left

rFire   . . .        L - +6 shillelagh "Devastator" {shatter}
rCold   + . .        E - +18 shield of the Gong {Loud rN+ Will+ rCorr EV-5}
rNeg    + . .        D - +15 Maxwell's patent armour {-Cast -Tele rElec Will+ rCorr}
rPois   +            Q - +1 helmet {SInv}
rElec   +            W - +0 cloak {Will+}
rCorr   +            (no gloves)
SInv    +            (no barding)
Will    +++++        V - amulet of reflection Stlth
                     X - ring of Maifuypt {rElec rC+ Will+ Str+2 Dex+4}
HPRegen 0.38/turn    t - +6 ring of dexterity
MPRegen 0.20/turn

%: no teleportation, no spellcasting, reflection
@: studying Stealth, silenced, very slow
A: AC +4, large, see invisible, deformed body, poison resistance, slowness 2,
spit poison 1, naga tail 1, deterioration 1, frail 1, screaming 1
a: Spit Poison, Renounce Religion


You were in the Dungeon.
You worshipped Cheibriados.
Cheibriados was exalted by your worship.
You visited 1 branch

Inventory:

Hand Weapons
 z - the +6 Majin-Bo {spellvamp, MP+6 Int+6}
   (You found it in the Dungeon)

   Int:       It affects your intelligence (+6).
   MP:        It affects your magic capacity (+6).
 A - the +10 dark maul {heavy}
   (You found it in the Dungeon)
 B - the +27 heavy crossbow "Sniper" {heavy, Acc+∞ SInv}
   (You found it in the Dungeon)

   Acc+∞: It never misses its target.
   SInv:      It lets you see invisible.
 C - the +16 obsidian axe {drain, demonic, Mesm Drain Fly SInv}
   (You found it in the Dungeon)

   Mesm:      Its wielder is mesmerised by any visible foes, and it cannot be
   unequipped while any foes are visible.
   SInv:      It lets you see invisible.
   Fly:       It grants you flight.
   Drain:     It drains your maximum health when unequipped.
 F - the +11 Singing Sword {sonic wave}
   (You found it in the Dungeon)
 G - the +7 great mace "Firestarter" {flame, immolate, rFlCloud rF++}
   (You found it in the Dungeon)

   rFlCloud:  It grants immunity to clouds of flame.
   rF:        It greatly protects you from fire.
 H - the +8 lance "Wyrmbane" {slay drac, rPois rF+ rC+ AC+3}
   (You found it in the Dungeon)

   AC:        It affects your AC (+3).
   rF:        It protects you from fire.
   rC:        It protects you from cold.
   rPois:     It protects you from poison.
 I - the +7 mace of Variability {chaos, chaos arc}
   (You found it in the Dungeon)

   Cheibriados disapproves of the use of such an item.
 J - the +11 plutonium sword {Contam Stlth-}
   (You found it in the Dungeon)

   Contam:    It causes magical contamination when unequipped.
   Stlth:     It makes you less stealthy.
 K - the +13 scythe of Curses {drain, curses, Drain}
   (You found it in the Dungeon)

   Drain:     It drains your maximum health when unequipped.
 L - the +6 shillelagh "Devastator" (weapon) {shatter}
   (You found it in the Dungeon)
 M - the +8 storm bow {elec, penet}
   (You found it in the Dungeon)
 N - the +9 sword of Power {lifebolt}
   (You found it in the Dungeon)
 O - the +9 sword of Zonguldrok {reap}
   (You found it in the Dungeon)
 P - a +5 hand crossbow
 U - the +8 arc blade {discharge, rElec}
   (You found it in the Dungeon)

   rElec:     It insulates you from electricity.
Armour
 a - +5 gold dragon scales
 D - the +15 Maxwell's patent armour (worn) {-Cast -Tele rElec Will+ rCorr}
   (You found it in the Dungeon)

   rElec:     It insulates you from electricity.
   -Cast:     It prevents spellcasting.
   -Tele:     It prevents most forms of teleportation.
   rCorr:     It protects you from acid and corrosion.
   Will:      It increases your willpower.
 E - the +18 shield of the Gong (worn) {Loud rN+ Will+ rCorr EV-5}
   (You found it in the Dungeon)

   Loud:      It is deafeningly noisy when blocking attacks.
   EV:        It affects your evasion (-5).
   rN:        It protects you from negative energy.
   rCorr:     It protects you from acid and corrosion.
   Will:      It increases your willpower.
 Q - a +1 helmet of see invisible (worn)
 W - a +0 cloak of willpower (worn)
 Z - the +1 gold dragon scales of Neekh {rPois rF+ rC+ rN++}
   (You found it in the Dungeon)

   rF:        It protects you from fire.
   rC:        It protects you from cold.
   rPois:     It protects you from poison.
   rN:        It greatly protects you from negative energy.
Jewellery
 s - a ring of protection from fire
 t - a +6 ring of dexterity (right hand)
 w - a +6 ring of intelligence
 y - a ring of resist corrosion
 V - an amulet of reflection (around neck)
 X - the ring of Maifuypt (left hand) {rElec rC+ Will+ Str+2 Dex+4}
   (You found it in the Dungeon)

   [ring of protection from cold]

   Str:       It affects your strength (+2).
   Dex:       It affects your dexterity (+4).
   rC:        It protects you from cold.
   rElec:     It insulates you from electricity.
   Will:      It increases your willpower.
Wands
 q - a wand of mindburst (15)
 r - a wand of quicksilver (35)
 u - a wand of roots (14)
 v - a wand of flame (8)
 S - a wand of paralysis (17)
 T - a wand of digging (16)
 Y - a wand of polymorph (4)
Scrolls
 i - 4 scrolls of blinking
 m - 4 scrolls of amnesia
 n - 7 scrolls of fog
 o - 5 scrolls of identify
 p - 2 scrolls of fear
 R - a scroll of brand weapon
Potions
 c - 2 potions of brilliance
 d - 2 potions of invisibility
 e - 8 potions of curing
 f - 6 potions of haste
 g - 7 potions of magic
 h - 3 potions of berserk rage
 j - 4 potions of resistance
 k - a potion of experience
 l - 6 potions of might


   Skills:
 + Level 12.0 Fighting
 + Level 12.2 Maces & Flails
 + Level 11.0 Ranged Weapons
 + Level 10.2 Armour
 + Level 10.1 Dodging
 - Level 4.4 Stealth
 + Level 11.2 Shields
 + Level 10.1 Spellcasting
 - Level 1.0 Conjurations
 + Level 13.1 Invocations


You had 31 spell levels left.
You didn't know any spells.
Your spell library contained the following spells:

 Spells                   Type           Power      Damage    Failure   Level
 Magic Dart               Conj           92%        1d7       24%         1
 Foxfire                  Conj/Fire      80%        2x1d8     28%         1
 Kiss of Death            Conj/Necr      80%        2d11      28%         1
 Apportation              Tloc           32%        N/A       34%         1
 Freeze                   Ice            64%        1d7       34%         1
 Blink                    Tloc           32%        N/A       47%         2
 Call Imp                 Summ           32%        N/A       47%         2
 Sublimation of Blood     Necr           16%        N/A       47%         2
 Hailstorm                Conj/Ice       20%        3d6       65%         3
 Mephitic Cloud           Conj/Pois/Air  18%        N/A       67%         3
 Confusing Touch          Hex            16%        N/A       71%         3
 Frozen Ramparts          Ice            32%        1d5       71%         3
 Gell's Gravitas          Tloc           16%        N/A       71%         3
 Inner Flame              Hex/Fire       16%        N/A       71%         3
 Summon Guardian Golem    Hex/Summ       16%        N/A       71%         3
 Teleport Other           Tloc           16%        N/A       71%         3
 Tukima's Dance           Hex            16%        N/A       71%         3
 Flame Wave               Conj/Fire      20%        2d7       96%         4
 Fulminant Prism          Conj/Hex       10%        3d9       96%         4
 Sticky Flame             Conj/Fire      20%        2d4       96%         4
 Anguish                  Hex/Necr       8%         N/A       98%         4
 Cause Fear               Hex            8%         N/A       98%         4
 Dispel Undead            Necr           16%        3d10      98%         4
 Petrify                  Tmut/Erth      16%        N/A       98%         4
 Summon Lightning Spire   Summ/Air       16%        N/A       98%         4
 Irradiate                Conj/Tmut      10%        3d15      100%        5
 Silence                  Hex/Air        8%         N/A       100%        5
 Dispersal                Tloc           8%         N/A       100%        6
 Dragon Form              Tmut           8%         N/A       100%        7
 Orb of Destruction       Conj           11%        9d6       100%        7
 Spellforged Servitor     Conj/Summ      10%        N/A       100%        7
 Storm Form               Tmut/Air       8%         N/A       100%        7
 Borgnjor's Revivificati  Necr           8%         N/A       100%        8
 Maxwell's Capacitive Co  Air            8%         ∞         100%        8
 Necromutation            Tmut/Necr      8%         N/A       100%        8
 Death's Door             Necr           8%         N/A       100%        9
 Dragon's Call            Summ           8%         N/A       100%        9


Dungeon Overview and Level Annotations

Branches:
Dungeon (1/1)

Altars:
Ashenzari
Cheibriados
Dithmenos
Elyvilon
Fedhas
Gozag
Hepliaklqana
Kikubaaqudgha
Makhleb
Nemelex Xobeh
Okawaru
Qazlal
Ru
Sif Muna
Trog
Uskayaw
Vehumet
Wu Jian
Xom
Yredelemnul
Zin
The Shining One
Jiyva
Lugonu


Innate Abilities, Weirdness & Mutations

Your serpentine skin is tough. (AC +4)
You have supernaturally acute eyesight. (SInv)
Armour fits poorly on your strangely shaped body.
Your system is resistant to poisons. (rPois)
You cover ground very slowly.
You can spit poison.
You have a snake-like lower body.
Your body sometimes deteriorates upon taking damage.
You are frail. (-10% HP)
You occasionally shout uncontrollably at your foes.


Message History

Unknown command.
Unknown command.
Unknown command.
You sock Xurchethy!
Xurchethy and Xumaluda shudder.
The wraith is lightly damaged.
Xumaluda is lightly wounded.
Xurchethy is heavily wounded.
You carefully extract the barbed spikes from your body.
Gimat gestures.
Gimat's surroundings become eerily quiet.
Buasump gestures at you. The bolt of cold hits you!! You resist.
* * * LOW HITPOINT WARNING * * *
You block Xurchethy's attack. You block Xumaluda's attack.
Unknown command.
Unknown command.
Unknown command.
You feel better. You block Gimat's attack. You block Xurchethy's attack.
Buasump claws you!
* * * LOW HITPOINT WARNING * * *
Your body deteriorates!
You feel clumsy. Foetoel hits you!
* * * LOW HITPOINT WARNING * * *
Gimat hits you!
* * * LOW HITPOINT WARNING * * *
You block Xumaluda's attack.
Unknown command.
Unknown command.
Unknown command.
You feel better. You block Xurchethy's attack. You block Buasump's attack.
Gimat hits you but does no damage. Foetoel gestures at you.
Xumaluda gestures.
Lightning arcs from Xumaluda's claws!
The bolt of lightning hits the wraith!!!
The wraith is destroyed!
The wraith disappears in a puff of smoke!
A bolt of lightning appears from out of thin air!
The bolt of lightning hits Xumaluda.
Xumaluda resists.
The bolt of lightning hits Xurchethy!!
Xurchethy resists.
The bolt of lightning hits you!! You resist.
You die...

▓..."=!&":..▓...©....▓
▓...........▓▓▓▓▓▓▓▓▓▓
▓...........▓...8©8...
▓...........▓..=|||...
▓...........▓.....)...
▓...........▓.........
▓...........▓.........
▓...&&&.....▓.........
▓..W&@&§....▓.........
▓▓▓▓▓▓▓▓▓▓▓▓▓.▓.....▓.
▓....8©8....▓....©....
▓..).)..|...▓▓▓▓▓▓▓▓▓▓
▓....|.)....▓...8©8...
▓...........▓..=.|)...
▓....).)....▓...))....
▓.......)...▓....)....
▓...........▓..).).)..


You could see Buasump (unsilenced), Foetoel (unsilenced), Gimat (silencing,
unsilenced), Xumaluda (unsilenced), Xurchethy and a shadow wraith (summoned,
invisible).

Vanquished Creatures
  A pandemonium lord (D)
  An azure jelly (D)
  A rockslime (D)
  4 angels (D)
  A green draconian (D)
  A yellow draconian (D)
  A red draconian (D)
  2 great orbs of eyes (D)
  3 necromancers (D)
  3 shining eyes (D)
  7 draconians (D)
  3 ugly things (D)
  A black mamba (shapeshifter) (D)
  3 eyes of devastation (D)
  Sigmund (D)
  2 shadows (D)
  3 slime creatures (D)
  A vampire (D)
  A basilisk (shapeshifter) (D)
  3 golden eyes (D)
  2 neqoxecs (D)
  A water moccasin (D)
  A hell hound (D)
  2 phantoms (D)
  Blork the orc (D)
  3 necrophages (D)
  4 wights (D)
  A quasit (D)
  Crazy Yiuf (D)
  3 jellies (D)
  Jessica (D)
  3 adder skeletons (D)
  3 ball pythons (D)
  A bat skeleton (D)
  A bat zombie (D)
  6 endoplasms (D)
  A ball python skeleton (D)
  A jackal skeleton (D)
  A quokka skeleton (D)
80 creatures vanquished.

Vanquished Creatures (others)
  A cacodemon (D)
  2 shadow demons (D)
  A draconian (D)
  2 smoke demons (D)
  A hellwing (D)
  A chaos spawn (D)
8 creatures vanquished.

Grand Total: 88 creatures vanquished

Notes
Turn   | Place    | Note
-------+----------+-------------------------------------------
     0 | D        | Groucho the Naga Wanderer began the quest for the Orb.
     0 | D        | Groucho set off with the following items: a +0 dagger, 2
                  | potions of heal wounds, a +0 robe, a +0 cloak, a potion of
                  | curing, a potion of haste, 2 potions of magic, a potion of
                  | berserk rage, a scroll of blinking; and the following
                  | spells available to memorise: Foxfire, Kiss of Death,
                  | Apportation, Blink, Hailstorm, Summon Guardian Golem.
     0 | D        | Reached XP level 1. HP: 15/15 MP: 6/6
    20 | D        | Found a shimmering blue altar of Sif Muna.
    20 | D        | Found a bloodstained altar of Trog.
    20 | D        | Found a sacrificial altar of Ru.
    20 | D        | Found a stormy altar of Qazlal.
    20 | D        | Found an iron altar of Okawaru.
    21 | D        | Found a sparkling altar of Nemelex Xobeh.
    21 | D        | Found a blossoming altar of Fedhas.
    21 | D        | Found the +6 Majin-Bo {spellvamp, MP+6 Int+6}
    21 | D        | Found the +27 heavy crossbow "Sniper" {heavy, Acc+∞ SInv}
    21 | D        | Found the +10 dark maul {heavy}
    21 | D        | Found the +15 Maxwell's patent armour {-Cast -Tele rElec
                  | Will+ rCorr}
    21 | D        | Found the +18 shield of the Gong {Loud rN+ Will+ rCorr
                  | EV-5}
    21 | D        | Found the +16 obsidian axe {drain, demonic, Mesm Drain Fly
                  | SInv}
    21 | D        | Found the +7 great mace "Firestarter" {flame, immolate,
                  | rFlCloud rF++}
    21 | D        | Found the +6 shillelagh "Devastator" {shatter}
    21 | D        | Found the +11 plutonium sword {Contam Stlth-}
    21 | D        | Found the +8 lance "Wyrmbane" {slay drac, rPois rF+ rC+
                  | AC+3}
    21 | D        | Found the +9 sword of Zonguldrok {reap}
    21 | D        | Found the +13 scythe of Curses {drain, curses, Drain}
    21 | D        | Found the +9 sword of Power {lifebolt}
    21 | D        | Found the +7 mace of Variability {chaos, chaos arc}
    21 | D        | Found the +11 Singing Sword {sonic wave}
    21 | D        | Found the +8 storm bow {elec, penet}
    23 | D        | Found a transporter.
    23 | D        | Found an ancient bone altar of Kikubaaqudgha.
    23 | D        | Found a viscous altar of Jiyva.
    23 | D        | Found a corrupted altar of Lugonu.
    23 | D        | Found a hazy altar of Hepliaklqana.
    23 | D        | Found a burning altar of Makhleb.
    23 | D        | Found an opulent altar of Gozag.
    73 | D        | Became a worshipper of Cheibriados the Contemplative
    90 | D        | Entered arena 2.
    90 | D        | Noticed a quasit
    90 | D        | Noticed a hell hound
    90 | D        | Found a transporter.
    99 | D        | Killed a hell hound
   100 | D        | Reached skill level 3 in Invocations
   100 | D        | Reached XP level 2. HP: 28/28 MP: 8/8
   100 | D        | Reached XP level 3. HP: 34/34 MP: 9/9
   100 | D        | Reached XP level 4. HP: 42/42 MP: 11/11
   101 | D        | Reached * piety under Cheibriados
   102 | D        | Reached XP level 5. HP: 48/49 MP: 12/12
   455 | D        | Entered arena 3.
   455 | D        | Noticed a red draconian
   455 | D        | Noticed a draconian
   455 | D        | Noticed a draconian
   455 | D        | Found a transporter.
   471 | D        | Killed a draconian
   472 | D        | Reached skill level 5 in Fighting
   472 | D        | Reached skill level 5 in Maces & Flails
   472 | D        | Reached skill level 5 in Shields
   472 | D        | Reached skill level 5 in Invocations
   472 | D        | Reached XP level 6. HP: 25/61 MP: 13/13
   472 | D        | Reached XP level 7. HP: 28/67 MP: 14/14
   482 | D        | Killed a draconian
   482 | D        | Reached ** piety under Cheibriados
   483 | D        | Reached skill level 5 in Ranged Weapons
   483 | D        | Reached skill level 5 in Armour
   483 | D        | Reached skill level 5 in Dodging
   483 | D        | Reached skill level 6 in Invocations
   483 | D        | Reached XP level 8. HP: 43/78 MP: 15/15
   491 | D        | Killed a red draconian
   492 | D        | Reached skill level 7 in Invocations
   846 | D        | Entered arena 4.
   846 | D        | Found a transporter.
   848 | D        | Reached *** piety under Cheibriados
   848 | D        | Reached **** piety under Cheibriados
   849 | D        | Reached skill level 8 in Invocations
   849 | D        | Reached XP level 9. HP: 86/86 MP: 16/16
   959 | D        | Entered arena 5.
   959 | D        | Noticed Sigmund
   959 | D        | Noticed Jessica
   959 | D        | Noticed Blork the orc
   959 | D        | Noticed Crazy Yiuf
   959 | D        | Found a transporter.
   960 | D        | Killed Crazy Yiuf
   960 | D        | Killed Jessica
   961 | D        | Killed Sigmund
   961 | D        | Killed Blork the orc
   961 | D        | Reached ***** piety under Cheibriados
  1113 | D        | Entered arena 6.
  1113 | D        | Found a transporter.
  1140 | D        | Entered arena 7.
  1140 | D        | Noticed an eye of devastation
  1141 | D        | Reached ****** piety under Cheibriados
  1143 | D        | Found a transporter.
  1154 | D        | Killed an eye of devastation
  1312 | D        | Entered arena 8.
  1312 | D        | Found the +8 arc blade {discharge, rElec}
  1314 | D        | Reached skill level 9 in Invocations
  1314 | D        | Found a transporter.
  1334 | D        | Entered arena 9.
  1334 | D        | Noticed an eye of devastation
  1336 | D        | Found a transporter.
  1339 | D        | Reached XP level 10. HP: 84/98 MP: 13/19
  1345 | D        | Killed an eye of devastation
  1353 | D        | Got the Compilation of the Oath
  1592 | D        | Entered arena 10.
  1592 | D        | Noticed a draconian
  1592 | D        | Noticed a draconian
  1592 | D        | Noticed a draconian
  1592 | D        | Noticed a draconian
  1592 | D        | Noticed a draconian
  1592 | D        | Noticed a draconian
  1592 | D        | Noticed a yellow draconian
  1592 | D        | Noticed a green draconian
  1594 | D        | Killed a draconian
  1594 | D        | Killed a draconian
  1594 | D        | Killed a draconian
  1595 | D        | Killed a draconian
  1595 | D        | Killed a draconian
  1595 | D        | Killed a draconian
  1596 | D        | Reached skill level 10 in Invocations
  1596 | D        | Found a transporter.
  1600 | D        | Killed a green draconian
  1600 | D        | Killed a yellow draconian
  1601 | D        | Reached skill level 10 in Maces & Flails
  1601 | D        | Reached XP level 11. HP: 99/108 MP: 5/22
  1940 | D        | Entered arena 11.
  1940 | D        | Noticed a brown ugly thing
  1940 | D        | Noticed a brown ugly thing
  1940 | D        | Noticed a green ugly thing
  1940 | D        | Noticed a shining eye
  1940 | D        | Noticed a shining eye
  1942 | D        | Killed a brown ugly thing
  1943 | D        | Reached skill level 10 in Fighting
  1943 | D        | Reached skill level 11 in Invocations
  1943 | D        | Killed a green ugly thing
  1943 | D        | Killed a brown ugly thing
  1943 | D        | Gained mutation: You occasionally shout uncontrollably at
                  | your foes. [a shining eye]
  1944 | D        | Killed a shining eye
  1945 | D        | Found a transporter.
  1945 | D        | Gained mutation: You have hidden genetic defects. [a
                  | shining eye]
  1946 | D        | Killed a shining eye
  1952 | D        | Got the ring of Maifuypt {rElec rC+ Will+ Str+2 Dex+4}
  2204 | D        | Entered arena 12.
  2204 | D        | Noticed an azure jelly
  2204 | D        | Noticed a great orb of eyes
  2205 | D        | Noticed a rockslime
  2205 | D        | Noticed a shining eye
  2205 | D        | Noticed a great orb of eyes
  2207 | D        | Killed a great orb of eyes
  2207 | D        | Killed a rockslime
  2208 | D        | Reached skill level 10 in Shields
  2208 | D        | Killed a great orb of eyes
  2208 | D        | Killed an azure jelly
  2209 | D        | Reached skill level 10 in Ranged Weapons
  2209 | D        | Reached skill level 12 in Invocations
  2209 | D        | Reached XP level 12. HP: 120/120 MP: 8/25
  2210 | D        | Found a transporter.
  2214 | D        | Gained mutation: You are frail. (-10% HP) [hidden defects]
  2219 | D        | Got the +1 gold dragon scales of Neekh {rPois rF+ rC+ rN++}
  2414 | D        | Entered arena 13.
  2414 | D        | Noticed an angel
  2414 | D        | Noticed an angel
  2414 | D        | Noticed an angel
  2414 | D        | Noticed an angel
  2417 | D        | Killed an angel
  2418 | D        | Killed an angel
  2418 | D        | Killed an angel
  2418 | D        | Killed an angel
  2420 | D        | Found a transporter.
  2423 | D        | Gained mutation: Your body sometimes deteriorates upon
                  | taking damage. [hidden defects]
  2423 | D        | Lost mutation: You have hidden genetic defects. [hidden
                  | defects expressed]
  2449 | D        | Entered arena 14.
  2453 | D        | Reached skill level 10 in Armour
  2454 | D        | Reached skill level 10 in Dodging
  2454 | D        | Reached skill level 10 in Spellcasting
  2454 | D        | Reached skill level 13 in Invocations
  2456 | D        | Found a transporter.
  2489 | D        | Entered arena 15.
  2506 | D        | Noticed Xurchethy the pandemonium lord
  2506 | D        | Noticed Buasump the pandemonium lord
  2506 | D        | Noticed Xumaluda the pandemonium lord
  2506 | D        | Noticed a cacodemon
  2506 | D        | Found the macabre finger necklace {Finger+ rN+}
  2506 | D        | Noticed Zaagaac the pandemonium lord
  2506 | D        | Noticed Gimat the pandemonium lord
  2509 | D        | Noticed a sun demon
  2517 | D        | Killed a cacodemon
  2522 | D        | Noticed Foetoel the pandemonium lord
  2528 | D        | Killed Zaagaac the pandemonium lord
  2531 | D        | HP: 1/109 [Gimat the pandemonium lord (7)]
  2532 | D        | Killed from afar by Xumaluda the pandemonium lord

Illustrated notes

Levels and vault maps discovered:
D:        sprint_v [room_start, room_1, room_2, room_3, room_4, room_5, room_6,
          room_7, room_8, room_9, room_10, room_11, room_12, room_13, room_14,
          room_15, room_16, room_17, room_18, room_19, room_20, room_21,
          room_22, room_23, room_24, room_25, room_26, room_27]

Skill      XL: |  1  2  3  4  5  6  7  8  9 10 11 12 |
---------------+-------------------------------------+-----
Fighting       | 3 5 6 7 8 9 11 12 | 12.0
Maces & Flails | 3 5 6 7 8 10 11 12 | 12.2
Ranged Weapons | 2 3 4 5 6 7 9 10 11 | 11.0
Armour         | 2 4 5 6 7 8 9 10 | 10.2
Dodging        | 2 4 5 6 7 8 9 10 | 10.1
Shields        | 2 3 5 6 8 9 10 11 | 11.2
Invocations    | 3 5 6 8 9 10 12 13 | 13.1
Spellcasting   | 6 7 9 10 | 10.1
Stealth        | |  4.4
Conjurations   | |  1.0

Action                     |  1- 3 |  4- 6 |  7- 9 | 10-12 || total
---------------------------+-------+-------+-------+-------++-------
  Melee: Shillelagh        |     6 |    13 |    40 |    29 ||    88
 Invoke: Slouch            |       |       |     5 |    18 ||    23
         Bend Time         |       |       |     1 |       ||     1
    Use: Potion            |     1 |     2 |     2 |     8 ||    13
 Armour: Plate armour      |    24 |     9 |    11 |    23 ||    67
  Dodge: Dodged            |       |     2 |       |    10 ||    12
  Block: Kite shield       |    26 |    35 |    43 |    98 ||   202
         Reflection        |       |       |       |     4 ||     4
